 Dungeon Crawl Stone Soup version 0.24.1-14-gf8d2b509d9 (webtiles) character file.

Game seed: 4438219071106651950, levelgen mode: deterministic

6849 Gabide the Slicer (level 11, -13/99 HPs)
             Began as a Kobold Fighter on May 22, 2020.
             Was a Plaything of Xom.
             Killed from afar by a gargoyle (15 damage)
             ... with a stone arrow
             ... on level 11 of the Dungeon.
             The game lasted 00:18:36 (8916 turns).

Gabide the Slicer (Kobold Fighter)                  Turns: 8916, Time: 00:18:36

Health: -13/99     AC: 25    Str: 16    XL:     11   Next: 26%
Magic:  0/9        EV:  3    Int:  9    God:    Xom [*.....]
Gold:   816        SH: 11    Dex: 16    Spells: 10/10 levels left

rFire    + . .     SeeInvis .   k - +2 short sword (vamp)
rCold    + . .     Gourm    .   c - +0 shield
rNeg     + + +     Faith    .   (armour currently unavailable)
rPois    +         Spirit   +   (helmet currently unavailable)
rElec    +         Reflect  .   (cloak currently unavailable)
rCorr    +         Harm     .   (gloves currently unavailable)
MR       .....     NoTele   +   (boots currently unavailable)
Stlth    +.........             C - amulet of guardian spirit
HPRegen  0.26/turn              z - ring of resist corrosion
MPRegen  0.11/turn              B - ring of resist corrosion

@: tree-form, resistant, hasted, very quick
A: small, carnivore, low mp 1, evolution 1, no potion heal 1
a: Renounce Religion


You were on level 11 of the Dungeon.
You worshipped Xom.
You were a special plaything of Xom.
You were completely stuffed.
You were a tree.
You visited 2 branches of the dungeon, and saw 12 of its levels.

You collected 1103 gold pieces.
You spent 287 gold pieces at shops.

Inventory:

Hand Weapons
 a - a +1 flail
 k - a +2 vampiric short sword (weapon)
Armour
 b - a +0 ring mail
 c - a +0 shield (worn)
 e - a +0 cloak
 h - a scarf of repulsion (melded)
 o - a +0 pair of gloves (melded)
 y - the +2 helmet of Pan-Flutes (melded) {rF++ rC- Str+6}
   (You found it on level 6 of the Dungeon)

   It affects your strength (+6).
   It greatly protects you from fire.
   It makes you vulnerable to cold.
 D - a +1 pair of boots (melded)
 E - the +5 leather armour of Hanofeits (melded) {+Fly rPois Str+5}
   (You bought it in a shop on level 7 of the Dungeon)

   It affects your strength (+5).
   It protects you from poison.
   It lets you fly.
Jewellery
 z - a ring of resist corrosion (left branch)
 B - a ring of resist corrosion (right branch)
 C - an amulet of guardian spirit (around neck)
Wands
 i - a wand of enslavement (9)
 p - a wand of acid (7)
 v - a wand of random effects (7)
 w - a wand of clouds (5)
 x - a wand of flame (74)
Scrolls
 m - a scroll of fear {unknown}
 n - 5 scrolls of remove curse
 t - a scroll of holy word
 u - 5 scrolls of teleportation
 F - 3 scrolls of identify
 G - a scroll of amnesia
Potions
 d - 2 potions of brilliance {unknown}
 g - a potion of lignification
 l - a potion of magic {unknown}
 s - a potion of resistance
 A - a potion of flight {unknown}
Comestibles
 f - 21 rations
 j - 3 chunks of flesh


   Skills:
 + Level 6.8 Fighting
 + Level 12.9 Short Blades
 - Level 2.2 Maces & Flails
 + Level 4.8 Armour
 + Level 8.1 Dodging
 + Level 7.2 Shields


You had 10 spell levels left.
You didn't know any spells.
Your spell library contained the following spells:

 Spells                   Type           Power        Failure   Level  Hunger
 Magic Dart               Conj           #...         82%         1    ##.....
 Blink                    Tloc           N/A          91%         2    ###....
 Call Imp                 Summ           #.......     91%         2    ###....
 Slow                     Hex            #.......     91%         2    ###....
 Conjure Flame            Conj/Fire      #.......     99%         3    ####...
 Mephitic Cloud           Conj/Pois/Air  #.......     99%         3    ####...


Dungeon Overview and Level Annotations

Branches:
Dungeon (11/15)            Temple (1/1) D:7             Orc (0/2) D:9
   Lair: D:8-11

Altars:
Ashenzari
Elyvilon
Gozag
Makhleb
Qazlal
Trog
Wu Jian
Xom
Yredelemnul
Beogh

Shops:
D:7 [

Annotations:
D:8 3 runed translucent doors, Mrkan's ghost, novice GnFi


Innate Abilities, Weirdness & Mutations

You are small and have problems with some larger weapons.
You are carnivorous and can eat meat at any time.
Your magical capacity is low. (-10% MP)
You evolve.
Potions are less effective at restoring your health.


Message History

You hit the gargoyle but do no damage.
The gargoyle is severely damaged.
Something hits you but does no damage.
You hit the gargoyle but do no damage.
The gargoyle is severely damaged.
Something completely misses you. The gargoyle completely misses you.
You hit the gargoyle but do no damage.
The gargoyle is severely damaged.
Something hits you!
* * * LOW HITPOINT WARNING * * *
Something hits you but does no damage.
You hit the gargoyle but do no damage.
The gargoyle is severely damaged.
Something hits you but does no damage.
You feel protected. Something hits you but does no damage.
The gargoyle hurls a stone arrow at you.
The stone arrow hits you!
You die...
Xom roars with laughter!

################## #
#................# #.
#................#
...###................##
........................
........{...............
......9♣############....
........# .........'....
........# ........##....
........# ........#...##
........+ ........#...#
........# ........#...#
........# #########...#
......... ....# .....#


You could see a gargoyle.

Vanquished Creatures
  Sonja (D:10)
  4 trolls
  Prince Ribbit (D:7)
  A hippogriff (D:8)
  An ice beast (D:10)
  A black bear (D:8)
  5 orc warriors
  Duvessa (D:6)
  2 sky beasts
  7 ogres
  5 centaurs
  A necrophage (D:8)
  A big kobold (D:9)
  8 bullfrogs
  Dowan (D:6)
  18 killer bees
  A howler monkey (D:7)
  3 crimson imps
  6 hounds
  2 quasits
  2 jellies
  9 orc priests
  A centaur skeleton (D:11)
  Jessica (D:3)
  8 orc wizards
  11 worker ants
  A hound skeleton (D:7)
  4 gnolls (D:4)
  2 howler monkey skeletons
  A river rat (D:3)
  12 adders
  2 shadow imps
  An ooze (D:5)
  2 adder zombies
  2 worms (D:3)
  4 dart slugs
  6 leopard geckos
  33 orcs
  7 giant cockroaches
  6 goblins
  4 hobgoblins
  14 jackals
  14 kobolds
  4 quokkas
  A ball python (D:4)
  7 bats
  6 frilled lizards
  A quokka skeleton (D:7)
  10 rats
246 creatures vanquished.

Vanquished Creatures (collateral kills)
  An orc wizard (D:8)
  An orc (D:8)
2 creatures vanquished.

Vanquished Creatures (others)
  A hippogriff (D:9)
  A plant (D:8)
2 creatures vanquished.

Grand Total: 250 creatures vanquished

Notes
Turn   | Place    | Note
-------+----------+-------------------------------------------
     0 | D:1      | Gabide the Kobold Fighter began the quest for the Orb.
     0 | D:1      | Reached XP level 1. HP: 14/14 MP: 1/1
   244 | D:1      | Reached XP level 2. HP: 19/19 MP: 2/2
   658 | D:1      | Reached XP level 3. HP: 21/23 MP: 3/3
  1334 | D:2      | Reached XP level 4. HP: 28/28 MP: 4/4
  1366 | D:2      | Reached skill level 1 in Short Blades
  1891 | D:3      | Reached skill level 2 in Short Blades
  1891 | D:3      | Reached skill level 1 in Dodging
  1891 | D:3      | Reached XP level 5. HP: 27/33 MP: 5/5
  2109 | D:3      | Reached skill level 3 in Short Blades
  2246 | D:3      | Noticed Jessica
  2253 | D:3      | Killed Jessica
  2253 | D:3      | Reached XP level 6. HP: 29/38 MP: 6/6
  2388 | D:3      | Reached skill level 4 in Short Blades
  2739 | D:4      | Found a burning altar of Makhleb.
  2852 | D:4      | Noticed an ogre
  2863 | D:4      | Killed an ogre
  2863 | D:4      | Reached skill level 5 in Short Blades
  2863 | D:4      | Reached XP level 7. HP: 43/43 MP: 7/7
  3218 | D:4      | Reached skill level 6 in Short Blades
  3366 | D:5      | Entered Level 5 of the Dungeon
  3622 | D:5      | Reached skill level 7 in Short Blades
  3765 | D:5      | Reached XP level 8. HP: 48/48 MP: 8/8
  4242 | D:5      | Reached skill level 8 in Short Blades
  4567 | D:6      | Noticed Dowan
  4567 | D:6      | Noticed Duvessa
  4590 | D:6      | Killed Duvessa
  4590 | D:6      | Reached skill level 9 in Short Blades
  4604 | D:6      | Killed Dowan
  4612 | D:6      | Reached XP level 9. HP: 51/53 MP: 9/9
  4826 | D:6      | Got a polished helmet
  4849 | D:6      | Identified the +2 helmet of Pan-Flutes {rF++ rC- Str+6}
                  | (You found it on level 6 of the Dungeon)
  4928 | D:6      | Reached skill level 10 in Short Blades
  4936 | D:6      | Gained mutation: Your natural rate of healing is unusually
                  | fast. [potion of mutation]
  4936 | D:6      | Gained mutation: Your flesh is cold resistant. (rC+)
                  | [potion of mutation]
  4936 | D:6      | Gained mutation: You can translocate small distances at
                  | will. [potion of mutation]
  5012 | D:6      | Reached skill level 5 in Fighting
  5013 | D:6      | Lost mutation: Your natural rate of healing is unusually
                  | fast. [potion of mutation]
  5013 | D:6      | Lost mutation: You can translocate small distances at will.
                  | [potion of mutation]
  5013 | D:6      | Lost mutation: Your flesh is cold resistant. (rC+) [potion
                  | of mutation]
  5013 | D:6      | Gained mutation: Potions are less effective at restoring
                  | your health. [potion of mutation]
  5013 | D:6      | Gained mutation: Your magical capacity is low. (-10% MP)
                  | [potion of mutation]
  5013 | D:6      | Gained mutation: You evolve. [potion of mutation]
  5433 | D:7      | Noticed Prince Ribbit
  5452 | D:7      | Killed Prince Ribbit
  5541 | D:7      | Found Leig's Antique Armour Emporium.
  5549 | D:7      | Bought a pair of boots for 112 gold pieces
  5549 | D:7      | Bought a smoking leather armour for 175 gold pieces
  5559 | D:7      | Identified the +5 leather armour of Hanofeits {+Fly rPois
                  | Str+5} (You bought it in a shop on level 7 of the Dungeon)
  5574 | D:7      | Found a staircase to the Ecumenical Temple.
  5623 | Temple   | Entered the Ecumenical Temple
  5628 | Temple   | Became a worshipper of Xom of Chaos
  5753 | D:7      | XOM: smoke on damage
  5756 | D:7      | Reached skill level 5 in Shields
  5779 | D:7      | Reached skill level 11 in Short Blades
  6159 | D:8      | Reached skill level 5 in Dodging
  6324 | D:8      | Noticed a hippogriff
  6327 | D:8      | XOM: potion effect (brilliance)
  6336 | D:8      | XOM: cast spell 'Call Canine Familiar'
  6345 | D:8      | Killed a hippogriff
  6345 | D:8      | Reached XP level 10. HP: 50/59 MP: 6/9
  6391 | D:8      | Found a runed translucent gate.
  6391 | D:8      | Found a runed translucent gate.
  6391 | D:8      | Found a runed translucent gate.
  6391 | D:8      | Noticed Mrkan's ghost (novice GnFi)
  6391 | D:8      | Noticed a nine-headed hydra
  6391 | D:8      | Noticed a ten-headed hydra
  6531 | D:8      | XOM: scenery: create altars
  6845 | D:9      | Reached skill level 12 in Short Blades
  6981 | D:9      | XOM: noise
  6999 | D:9      | XOM: mild Summ miscast
  7137 | D:9      | Found a staircase to the Orcish Mines.
  7156 | D:9      | XOM: scenery: create altars
  7170 | D:9      | XOM: god gift: ring mail {god gift}
  7343 | D:9      | XOM is BORED!
  7434 | D:9      | XOM: divine lightning
  7470 | D:9      | XOM: summons 5 hostile demons
  7477 | D:9      | XOM: harmless Air miscast
  7539 | D:9      | Found a roughly hewn altar of Beogh.
  7601 | D:10     | Entered Level 10 of the Dungeon
  7681 | D:10     | XOM: silly message
  7686 | D:10     | XOM: noise
  7945 | D:10     | XOM: chaos upgrade
  7946 | D:10     | XOM: confuse monster(s)
  7949 | D:10     | XOM: enchant monster (bad)
  7968 | D:10     | XOM: 1-stop teleportation journey
  7969 | D:10     | XOM: swap monsters
  8110 | D:10     | XOM: torment (35/60 hp)
  8307 | D:10     | XOM: harmless Tmut miscast
  8377 | D:10     | Reached XP level 11. HP: 66/66 MP: 8/9
  8544 | D:10     | Noticed Sonja
  8583 | D:10     | Killed Sonja
  8735 | D:11     | XOM: noise
  8745 | D:11     | XOM: enchant monster (good)
  8747 | D:11     | XOM: blink monster(s)
  8755 | D:11     | XOM: harmless Tloc miscast
  8914 | D:11     | HP: 2/99 [something (6)]
  8916 | D:11     | Killed from afar by a gargoyle

Levels and vault maps discovered:
D:1:      dpeg_arrival_pond, layout_basic
D:2:      layout_loops_ring
D:3:      layout_basic, gup_sewer_entry_spiral, uniq_jessica
D:4:      layout_basic, overflow_temple_1_default, first_ration
D:5:      layout_layer_cave
D:6:      layout_loops_cross, uniq_duvessa
D:7:      layout_basic, minmay_temple_entry_grid, serial_shops,
          nicolae_shop_temple_entry_statues_fountains, uniq_prince_ribbit1
D:8:      minmay_goldmine, layout_cave_pools, gammafunk_ghost_hydra_chop
D:9:      layout_loops_cross, minmay_orc_entry_temple_small
D:10:     layout_irregular_city, uniq_sonja
D:11:     layout_irregular_city, lair_entry_dummy, the_bakery,
          grunt_decor_arrowhead, uniq_psyche
Temple:   grunt_wide_crystal_templ

Skill      XL: |  1  2  3  4  5  6  7  8  9 10 11 |
---------------+----------------------------------+-----
Maces & Flails | 2 |  2.2
Shields        | 3 4 5 6 7 |  7.2
Short Blades   | 2 3 5 7 9 11 12 | 12.9
Dodging        | 1 2 3 5 7 8 |  8.1
Armour         | 3 4 |  4.8
Fighting       | 4 5 6 |  6.8

Action                   |  1- 3 |  4- 6 |  7- 9 | 10-12 || total
-------------------------+-------+-------+-------+-------++-------
Melee: Flail             |   131 |       |       |       ||   131
       Short sword       |    19 |   237 |   557 |   516 ||  1329
  Use: Scroll            |     4 |     3 |     9 |     5 ||    21
       Potion            |       |       |     4 |    11 ||    15
 Stab: Confused          |       |       |       |     2 ||     2
       Sleeping          |       |       |       |     2 ||     2
  Eat: Chunk             |     9 |     3 |    12 |    12 ||    36
Armor: Scale mail        |    60 |       |       |       ||    60
       Ring mail         |     3 |    67 |   120 |       ||   190
       Leather armour    |       |       |    17 |   129 ||   146
       Skin              |       |       |       |    36 ||    36
Dodge: Dodged            |    67 |    67 |   218 |   266 ||   618
       Deflected         |       |     3 |     8 |     4 ||    15
Block: Shield            |    95 |    89 |   236 |   316 ||   736
